cohdb
Replays
Latest Replays
All Replays
Popular Replays
Top Player Replays
Match Explorer
How It Works
Community
CoH3 Stats
Reddit
Sign in to upload your games and track your stats! →
Sign in with Steam
Match 41479007
Unlisted
Match 41479007
Overview
Messages
Build Orders
End
Kradschützen Motorcycle Team
Panzergrenadier Squad
Selects Italian Infantry
Selects Italian Infantry
Panzergrenadier Squad
250 Light Carrier
Construct Light Support Kompanie
2.5-tonne Medical Truck
Fire Support Elements
Panzerjäger Mechanized Group
Construct Mechanized Kompanie
Selects Guastatori Squad
Guastatori Squad
Flakvierling Half-track
Selects Registered Artillery
Registered Artillery
Pak 38 Mechanized Group
Guastatori Squad
Construct Panzerarmee Kommand
Armored Reserves
Selects Towed Cannone da 105/28 Field Howitzer
Selects Defensive Operations
Selects Territory Booby Traps
Selects Obice 305mm Barrage
Obice 305mm Barrage
Tiger Heavy Tank
Emergency Repair Kits
Vehicle Survival Package
Tungsten Core Ammunition
Obice 305mm Barrage
stlmpack2976
TheVoid
Fischius84
Insomniac
0
0
Comments
sign in to comment!
No comments posted yet!